 Dungeon Crawl Stone Soup version 0.22.1-6-g1668fe2 (console) character file.

499 toffzen the Skirmisher (level 6, -6/60 HPs)
             Began as a Centaur Wanderer on Jan 30, 2019.
             Was a Priest of Elyvilon.
             Mangled by a wraith (8 damage)
             ... on level 5 of the Dungeon.
             The game lasted 00:26:28 (6644 turns).

toffzen the Skirmisher (Centaur Wanderer)           Turns: 6644, Time: 00:26:29

Health: -6/60      AC:  8    Str: 15    XL:     6   Next: 94%
Magic:  3/7        EV: 11    Int: 10    God:    Elyvilon [***...]
Gold:   204        SH:  0    Dex: 11    Spells: 7/7 levels left

rFire    . . .     SeeInvis .   a - +0 flail
rCold    . . .     Gourm    .   (no shield)
rNeg     . . .     Faith    .   g - +2 leather armour
rPois    .         Spirit   .   (no helmet)
rElec    .         Reflect  .   s - +0 cloak {MR+}
rCorr    .         Harm     .   y - +0 pair of gloves
MR       +....                  (no barding)
Stlth    +.........             (no amulet)
HPRegen  0.20/turn              r - ring of wizardry
MPRegen  0.10/turn              A - +2 ring of evasion

@: slowed
A: large, hooves 3, deformed body, speed 2, tough skin 3
a: Lesser Healing, Heal Other, Purification, Divine Protection, Renounce
Religion


You were on level 5 of the Dungeon.
You worshipped Elyvilon.
Elyvilon was most pleased with you.
You were very hungry.

You visited 1 branch of the dungeon, and saw 5 of its levels.

You collected 204 gold pieces.

Inventory:

Hand Weapons
 a - a +0 flail (weapon)
 b - a +0 blowgun
 j - a cursed -3 dagger
Missiles
 e - 116 stones (quivered)
 n - 35 arrows
 q - 49 sling bullets
 v - 21 poisoned needles
Armour
 g - a +2 leather armour (worn)
 l - a +0 ring mail
 s - a +0 cloak of magic resistance (worn)
 y - a +0 pair of gloves (worn)
Jewellery
 r - a ring of wizardry (left hand)
 t - an uncursed ring of ice
 w - an uncursed amulet of guardian spirit {unknown}
 A - a +2 ring of evasion (right hand)
Wands
 x - a wand of flame (6)
Scrolls
 h - 2 scrolls of teleportation {unknown}
 i - 3 scrolls of remove curse
 k - 2 scrolls of fear {unknown}
 m - a scroll of enchant weapon {unknown}
 o - a scroll of fog {unknown}
 p - 2 scrolls of amnesia {unknown}
Potions
 c - a potion of cancellation {unknown}
 f - 2 potions of mutation {unknown}
 u - a potion of curing
 B - a potion of lignification {unknown}
 C - a potion of berserk rage {unknown}
Comestibles
 d - 5 rations


   Skills:
 + Level 7.2 Fighting
   Level 1.7 Polearms
 - Level 1.0 Dodging
 - Level 1.0 Stealth
 - Level 1.0 Spellcasting
   Level 1.0 Air Magic
   Level 2.6 Earth Magic
 - Level 1.0 Evocations


You had 7 spell levels left.
You didn't know any spells.
Your spell library was empty.

Dungeon Overview and Level Annotations

Branches:
Dungeon (5/15)
 Temple: D:4-7

Altars:
Elyvilon
Hepliaklqana

Annotations:
D:3 Grinder


Innate Abilities, Weirdness & Mutations

You have hooves in place of feet.
Armour fits poorly on your strangely shaped body.
You cover ground very quickly.
You have extremely tough skin. (AC +3)


Message History

The wraith hits you. The wraith drains your vigour!
You feel as though you will be slow longer.
You hit the wraith but do no damage.
The wraith is almost destroyed.
The wraith hits you.
* * * LOW HITPOINT WARNING * * *
The wraith hits you but does no damage.
You feel better. The wraith hits you! The wraith hits you.
You closely miss the wraith. Your kick misses the wraith.
The wraith is almost destroyed.
The wraith hits you!
* * * LOW HITPOINT WARNING * * *
The wraith hits you!
* * * LOW HITPOINT WARNING * * *
The wraith drains your vigour!
You feel as though you will be slow longer.
You barely miss the wraith.
The wraith is almost destroyed.
The wraith closely misses you. The wraith hits you!
You die...

#...........#
+...........#
#...........#
#......######
#......#
#......#
#......#
#......#
#......#
.#......#
.......@#
#####..W.....#
#........#
#........#
#........#
#........#
#........#
#........#


You could see a wraith.

Vanquished Creatures
  Menkaure (D:5)
  A scorpion (D:5)
  An orc priest (D:3)
  Ijyb (D:4)
  2 worker ants
  8 adders
  2 oozes
  3 worms
  4 dart slugs
  7 leopard geckos
  10 orcs
  2 ball pythons
  7 giant cockroaches
  6 goblins
  7 hobgoblins
  19 jackals
  18 kobolds
  2 quokkas
  7 bats
  3 frilled lizards
  10 rats
121 creatures vanquished.

Vanquished Creatures (others)
  A plant (D:1)
1 creature vanquished.

Grand Total: 122 creatures vanquished

Notes
Turn   | Place    | Note
-------+----------+-------------------------------------------
     0 | D:1      | toffzen the Centaur Wanderer began the quest for the Orb.
     0 | D:1      | toffzen set off with: a +2 leather armour, a potion of
                  | curing, a +0 club, a ration
     0 | D:1      | Reached XP level 1. HP: 14/14 MP: 2/2
    41 | D:1      | Reached skill level 1 in Fighting
   223 | D:1      | Reached XP level 2. HP: 24/24 MP: 3/3
   363 | D:1      | Reached skill level 2 in Fighting
   592 | D:1      | Reached XP level 3. HP: 30/30 MP: 4/4
   745 | D:1      | Reached skill level 3 in Fighting
  1152 | D:2      | Found a white marble altar of Elyvilon.
  1183 | D:2      | Became a worshipper of Elyvilon the Healer
  1185 | D:2      | Found a hazy altar of Hepliaklqana.
  2076 | D:2      | Reached XP level 4. HP: 29/40 MP: 5/5
  2285 | D:2      | Reached skill level 4 in Fighting
  2309 | D:2      | Reached * piety under Elyvilon
  3979 | D:3      | Reached XP level 5. HP: 39/47 MP: 6/6
  4051 | D:3      | Reached ** piety under Elyvilon
  4051 | D:3      | Noticed Grinder
  4268 | D:3      | Reached skill level 5 in Fighting
  4781 | D:3      | Paralysed by Grinder for 2 turns
  5199 | D:4      | Noticed Ijyb
  5240 | D:4      | Killed Ijyb
  5668 | D:4      | Reached XP level 6. HP: 50/57 MP: 7/7
  5913 | D:4      | Noticed a slave
  5954 | D:4      | Reached skill level 6 in Fighting
  5966 | D:4      | Reached *** piety under Elyvilon
  6008 | D:5      | Entered Level 5 of the Dungeon
  6136 | D:5      | Noticed Menkaure
  6144 | D:5      | Killed Menkaure
  6295 | D:5      | Reached skill level 7 in Fighting
  6620 | D:5      | Noticed a wraith
  6643 | D:5      | HP: 2/60 [wraith (10)]
  6644 | D:5      | Mangled by a wraith

Skill      XL: |  1  2  3  4  5  6 |
---------------+-------------------+-----
Fighting       | 1 2 3 4 5 7 |  7.2
Polearms       | |  1.7
Dodging        | |  1.0
Stealth        | |  1.0
Spellcasting   | |  1.0
Air Magic      | |  1.0
Earth Magic    | |  2.6
Evocations     | |  1.0

Action                   |  1- 3 |  4- 6 || total
-------------------------+-------+-------++-------
Melee: Club              |    28 |       ||    28
       Kick              |    46 |    65 ||   111
       Whip              |   156 |   146 ||   302
       Flail             |       |   138 ||   138
       Falchion          |       |    21 ||    21
 Fire: Blowgun           |       |     5 ||     5
Throw: Stone             |    12 |    46 ||    58
Invok: Lesser Healing    |       |     4 ||     4
       Purification      |       |     2 ||     2
       Divine Protection |       |     1 ||     1
Evoke: Wand              |       |    11 ||    11
  Use: Scroll            |       |     4 ||     4
       Potion            |       |     1 ||     1
  Eat: Chunk             |     3 |    10 ||    13
       Ration            |       |     1 ||     1
Armor: Leather armour    |    67 |   141 ||   208
Dodge: Dodged            |   110 |   179 ||   289
